 Dungeon Crawl Stone Soup version 0.29.1-15-g9cfb28693d (webtiles) character file.

Game seed: 6019028746678355399

1 Ast3rio the Chopper (level 1, 0/23 HPs)
             Began as a Gnoll Cinder Acolyte on Mar 9, 2023.
             Was a High Priest of Ignis.
             Succumbed to an adder's poison
             ... on level 3 of the Dungeon.
             The game lasted 00:00:30 (98 turns).

Ast3rio the Chopper (Gnoll Cinder Acolyte)            Turns: 98, Time: 00:00:31

Health: 0/23       AC:  2    Str: 13    XL:     1   Next: 20%
Magic:  4/4        EV: 11    Int: 13    God:    Ignis [*****.]
Gold:   12         SH:  0    Dex:  7    Spells: 5/5 levels left

rFire   + . .      SeeInvis .   a - -1 hand axe (flame)
rCold   . . .      Faith    .   (no shield)
rNeg    . . .      Spirit   .   b - +0 robe
rPois   .          Reflect  .   (no helmet)
rElec   .          Harm     .   (no cloak)
rCorr   .          Rampage  .   (no gloves)
Will    .....                   (no boots)
Stlth   +.........              (no amulet)
HPRegen 0.07/turn               (no ring)
MPRegen 0.09/turn               (no ring)

@: lethally poisoned (0 -> -2)
A: fangs 1, strong nose, distributed training
a: Renounce Religion, Fiery Armour, Foxfire Swarm, Rising Flame


You were on level 3 of the Dungeon.
You worshipped Ignis.
Ignis was extremely pleased with you.
You visited 1 branch of the dungeon, and saw 3 of its levels.

You collected 12 gold pieces.

Inventory:

Hand Weapons
 a - a -1 hand axe of flaming (weapon)
Armour
 b - a +0 robe (worn)


   Skills:
 + Level 6.4 Fighting
 + Level 0.0 Short Blades
 + Level 0.0 Long Blades
 + Level 6.4 Axes
 + Level 0.0 Maces & Flails
 + Level 0.0 Polearms
 + Level 0.0 Staves
 + Level 0.0 Ranged Weapons
 + Level 0.0 Throwing
 + Level 0.0 Armour
 + Level 0.0 Dodging
 + Level 0.0 Stealth
 + Level 0.0 Shields
 + Level 0.0 Unarmed Combat
 + Level 2.6 Spellcasting
 + Level 0.0 Conjurations
 + Level 0.0 Hexes
 + Level 0.0 Summonings
 + Level 0.0 Necromancy
 + Level 0.0 Translocations
 + Level 0.0 Transmutations
 + Level 5.3 Fire Magic
 + Level 0.0 Ice Magic
 + Level 0.0 Air Magic
 + Level 0.0 Earth Magic
 + Level 0.0 Poison Magic
 + Level 0.0 Invocations
 + Level 0.0 Evocations


You had 5 spell levels left.
You didn't know any spells.
Your spell library contained the following spells:

 Spells                   Type           Power      Damage    Failure   Level
 Scorch                   Fire           30%        2d7       4%          2


Dungeon Overview and Level Annotations

Branches:
Dungeon (3/15)

Altars:


Innate Abilities, Weirdness & Mutations

You have very sharp teeth.
Your uncanny sense of smell can sniff out nearby items.
Your experience applies equally to all skills.


Message History

The quokka barely misses you. The quokka bites you. x2
The quokka attacks as you move away! The quokka closely misses you.
The quokka bites you but does no damage.
There is a stone staircase leading down here.
The quokka closely misses you.
You climb downwards.
Found 12 gold pieces.
Found a stone staircase leading up.
There is a stone staircase leading up here.
You barely miss the quokka. Your bite misses the quokka.
The quokka bites you. x2
You hit the quokka. You burn the quokka.
You kill the quokka!
You see here a quokka corpse.
Found a scroll labelled KAPOS PUUXA.
You now have 12 gold pieces.
You open the door.
There is an open door here.
Found a book of Hexes.
An adder comes into view.
A frilled lizard comes into view.
The adder hisses angrily.
The frilled lizard hisses angrily.
Found a stone staircase leading down.
The frilled lizard barely misses you.
A giant cockroach comes into view.
The adder bites you but does no damage. The frilled lizard barely misses you.
You closely miss the adder. You closely miss the frilled lizard.
The adder bites you.
You are poisoned.
The adder poisons you!
You feel sick. The frilled lizard bites you. The adder bites you.
You feel sick.
The frilled lizard bites you but does no damage.
The adder closely misses you.
You feel sick. The frilled lizard misses you. The adder barely misses you.
You feel sick.
The frilled lizard bites you but does no damage.
The frilled lizard attacks as you move away!
The frilled lizard bites you.
* * * LOW HITPOINT WARNING * * *
x2 You feel sick.
You die...

#........##.#
#.#.#.#..#...
#...#....... .....
####........#.# ....∆
#.....:.....#.# ....
#........# ....
#.BS.....## .#
######.#l#.....#
.#######...##.#.@.....#
......##......##.#....#
.......'......##.....##
#####.##...#####.#.....
# #.##.............##.
.. ..##...#####.. ...#
......##...# ####.#.#
#####.###### #.. # #.#


You could see an adder, a giant cockroach and a frilled lizard.

Vanquished Creatures
  A quokka (D:3)
1 creature vanquished.

Notes
Turn   | Place    | Note
-------+----------+-------------------------------------------
     0 | D:1      | Ast3rio the Gnoll Cinder Acolyte began the quest for the
                  | Orb.
     0 | D:1      | Reached XP level 1. HP: 23/23 MP: 4/4
    97 | D:3      | HP: 1/23 [poisoned by an adder]
    98 | D:3      | Succumbed to an adder's poison

Illustrated notes

Levels and vault maps discovered:
D:1:      minmay_arrival_split_and_join, layout_basic
D:2:      layout_loops_ring, kennysheep_another_room
D:3:      layout_basic, nemelex_dance_club_becter, guppyfry_early_orc_mine

Action                   || total
-------------------------++-------
Melee: Hand axe          ||     3
Armor: Robe              ||     4
Dodge: Dodged            ||     8
